 Dungeon Crawl Stone Soup version 0.25.1-2-g60ff931df9 (webtiles) character file.

Game seed: 696789025564851607

28625 solopath the Frost Mage (level 13, -7/93 HPs)
             Began as a Barachi Ice Elementalist on Oct 31, 2020.
             Was a High Priest of Cheibriados.
             Mangled by Fannar
             ... wielding an uncursed staff of cold
              (8 damage)
             ... on level 3 of the Lair of Beasts.
             The game lasted 00:51:51 (19451 turns).

solopath the Frost Mage (Barachi Ice Elementalist) Turns: 19451, Time: 00:51:51

Health: -7/93      AC: 13    Str: 25    XL:     13   Next: 40%
Magic:  19/24      EV: 19    Int: 33    God:    Cheibriados [*****.]
Gold:   262        SH:  0    Dex: 33    Spells: 7/26 levels left

rFire    . . .     SeeInvis .   J - +0 scimitar (flame)
rCold    . . .     Gourm    .   (no shield)
rNeg     + . .     Faith    .   a - +4 robe of the Hippo {MR+++}
rPois    .         Spirit   .   (no helmet)
rElec    .         Reflect  .   x - +2 cloak
rCorr    .         Harm     .   A - +2 pair of gloves {Str+3}
MR       +++..                  j - +0 pair of boots
Stlth    ++++++....             u - amulet "Qautso Wesch" {RegenMP rN+ Dex+3}
HPRegen  0.25/turn              L - +6 ring of dexterity
MPRegen  0.44/turn              (no ring)

@: hasted, very slow
A: +LOS, swims, slowness 1, strong legs 2
a: Hop, Bend Time, Temporal Distortion, Slouch, Step From Time, Renounce
Religion


You were on level 3 of the Lair of Beasts.
You worshipped Cheibriados.
Cheibriados was extremely pleased with you.
You were not hungry.

You visited 3 branches of the dungeon, and saw 17 of its levels.

You collected 678 gold pieces.
You spent 416 gold pieces at shops.

Inventory:

Hand Weapons
 e - a +3 dagger of protection
 D - a +2 scimitar of freezing
 J - a +0 scimitar of flaming (weapon)
Armour
 a - the +4 robe of the Hippo (worn) {MR+++}
   (You bought it in a shop on level 7 of the Dungeon)

   It affects your resistance to hostile enchantments.
 j - a +0 pair of boots (worn)
 t - the +1 leather armour "Jeh Osk" {rC+}
   (You found it on level 2 of the Lair of Beasts)

   It protects you from cold.
 x - a +2 cloak (worn)
 A - a +2 pair of gloves of strength (worn)
Magical Staves
 V - an uncursed staff of fire
Jewellery
 g - an uncursed amulet of reflection
 q - an uncursed amulet of faith
 u - the amulet "Qautso Wesch" (around neck) {RegenMP rN+ Dex+3}
   (You found it on level 2 of the Lair of Beasts)

   [amulet of magic regeneration]

   It increases your magic regeneration.
   It affects your dexterity (+3).
   It protects you from negative energy.
 L - a +6 ring of dexterity (left hand)
 W - a +4 ring of protection {unknown}
Wands
 m - a wand of digging (8)
 M - a wand of paralysis (20)
 O - a wand of acid (1)
 P - a wand of flame (40)
 R - a wand of disintegration (10)
Scrolls
 b - 19 scrolls of identify
 f - 4 scrolls of amnesia
 h - 5 scrolls of immolation
 l - 2 scrolls of magic mapping
 o - 3 scrolls of fog
 p - 4 scrolls of enchant weapon
 s - 5 scrolls of teleportation
 v - 6 scrolls of remove curse
 y - a scroll of random uselessness {unknown}
 B - a scroll of holy word {unknown}
 E - 2 scrolls of blinking
 H - 2 scrolls of enchant armour {unknown}
 K - 2 scrolls of fear {unknown}
 N - a scroll of vulnerability {unknown}
 S - a scroll of brand weapon {unknown}
 U - 4 scrolls of noise {unknown}
Potions
 d - 6 potions of lignification
 i - 7 potions of stabbing
 k - 3 potions of invisibility
 n - a potion of resistance
 r - 2 potions of brilliance
 w - a potion of cancellation {unknown}
 z - 2 potions of might
 C - a potion of magic {unknown}
 G - 3 potions of curing
 I - a potion of haste
 Q - a potion of flight {unknown}
 T - a potion of berserk rage {unknown}
Comestibles
 c - 38 rations


   Skills:
 - Level 6.0 Fighting
 * Level 11.0 Short Blades
 - Level 6.0 Dodging
 + Level 10.2 Stealth
 - Level 7.3 Spellcasting
 - Level 5.0 Conjurations
 - Level 2.1 Summonings
 * Level 6.1 Translocations
 - Level 12.5 Ice Magic
 + Level 6.3 Invocations


You had 7 spell levels left.
You knew the following spells:

 Your Spells              Type           Power        Failure   Level  Hunger
a - Magic Dart            Conj           ####         1%          1    None
b - Frozen Ramparts       Ice            ######       1%          3    None
c - Summon Ice Beast      Ice/Summ       ######..     1%          4    #......
d - Ozocubu's Armour      Chrm/Ice       ######..     1%          3    None
e - Hailstorm             Conj/Ice       ######..     1%          4    #......
f - Iskenderun's Mystic   Conj/Tloc      #####...     3%          4    #......

Your spell library contained the following spells:

 Spells                   Type           Power        Failure   Level  Hunger
 Freeze                   Ice            ####         1%          1    None
 Ensorcelled Hibernation  Hex/Ice        ######       1%          2    None
 Searing Ray              Conj           #####.       1%          2    None
 Recall                   Summ/Tloc      N/A          1%          3    None
 Corona                   Hex            ##.....      3%          1    None
 Dazzling Flash           Conj/Hex       ####..       4%          3    None
 Confusing Touch          Hex            ##......     11%         3    None
 Tukima's Dance           Hex            ##......     11%         3    None
 Fulminant Prism          Conj/Hex       ####......   13%         4    #......
 Controlled Blink         Tloc           N/A          100%        8    #######
 Dragon's Call            Summ           ####......   100%        9    #######


Dungeon Overview and Level Annotations

Branches:
Dungeon (13/15)            Temple (1/1) D:5            Lair (3/6) D:11
  Swamp (0/4) Lair:2          Orc (0/2) D:10
  Snake: Lair:2-4    Spider: Lair:2-4    Vaults: D:13-14

Altars:
Ashenzari
Cheibriados
Dithmenos
Elyvilon
Fedhas
Gozag
Hepliaklqana
Kikubaaqudgha
Makhleb
Nemelex Xobeh
Okawaru
Qazlal
Ru
Sif Muna
Trog
Uskayaw
Vehumet
Wu Jian
Xom
Yredelemnul
Zin
The Shining One

Shops:
D:4 [   D:5 *   D:7 }[*[}   D:9 }   D:12 *

Annotations:
D:11 3 runed translucent doors, JayGee's ghost, journeyman MiFi
Lair:1 1 transporter, Cheops's ghost, journeyman DsFi
Lair:3 Fannar


Innate Abilities, Weirdness & Mutations

You can be seen from farther away. (+LOS)
You can swim through water.
You cover ground slowly.
You can hop long distances.


Message History

Your ice beast barely misses the ice beast.
You strike the helpless Fannar from behind!
You slash Fannar! You burn Fannar.
Fannar is almost dead.
Fannar hits you but does no damage. Fannar freezes you!
* * * LOW HITPOINT WARNING * * *
Your ice beast hits Fannar.
Your ice beast freezes Fannar.
Fannar completely resists.
You hit Fannar.
Fannar is almost dead.
The ice beast hits your ice beast. The ice beast freezes your ice beast.
Your ice beast completely resists.
The ice beast barely misses your ice beast.
Your ice beast hits Fannar.
Your ice beast freezes Fannar.
Fannar completely resists.
Your ice beast barely misses the ice beast.
Fannar hits you with an uncursed staff of cold.
* * * LOW HITPOINT WARNING * * *
Fannar freezes you!
You die...

##........####### ##.#.......
##.#.........#...####..##.<...
#
#........>..............######
##.#.........÷..#..........#
...........†.÷.#######..#..#
.....)...(....##.#####P.....#
#..........##.⌠.#.###...###
##....(.....Y....# #..##
##>)......#YY@Y⌠# ##.#
##.........÷eY.# ...
##......#..÷.## ..P
##########÷## .## .÷.. $..÷...
h##..#.... r# ...##.... #.
.... .##.


You could see Fannar (resistant), 2 ice beasts and 3 friendly ice beasts.

Vanquished Creatures
  4 hydras
  A two-headed ogre (D:10)
  5 death yaks (Lair:3)
  Sonja (Lair:1)
  4 unseen horrors
  An elephant (Lair:3)
  A gargoyle (D:11)
  3 komodo dragons
  3 slime creatures (D:12)
  6 blink frogs
  5 hippogriffs
  A wyvern (D:11)
  9 yaks
  4 vampire mosquitoes (D:13)
  A swamp worm (Lair:2)
  6 water moccasins
  9 porcupines
  5 ice beasts
  7 orc warriors
  3 sky beasts
  A hornet zombie (D:8)
  A black bear (D:8)
  4 ogres
  5 crocodiles
  2 centaurs
  11 wolves
  A big kobold (D:9)
  12 bullfrogs
  A gnoll sergeant (D:8)
  A wyvern skeleton (D:11)
  6 scorpions
  6 killer bees
  12 wights
  3 electric eels (D:12)
  A bullfrog zombie (D:10)
  6 crimson imps
  14 orc priests
  8 hounds
  A jelly (D:10)
  11 orc wizards
  Crazy Yiuf (D:2)
  4 bullfrog skeletons
  2 centaur skeletons (D:8)
  2 iguanas
  8 worker ants
  3 hell rats (Lair:2)
  A hound zombie (D:9)
  A hound skeleton (D:8)
  Robin (D:2)
  2 howler monkey zombies
  2 worker ant zombies
  16 gnolls
  13 adders
  A howler monkey skeleton (D:9)
  2 shadow imps
  A nameless horror (D:10)
  2 adder skeletons
  2 worms
  A dart slug (D:2)
  6 leopard geckos
  68 orcs
  A ball python (D:4)
  7 bats
  3 giant cockroaches
  7 goblins
  7 hobgoblins
  13 jackals
  5 quokkas
  4 frilled lizards
  A jackal zombie (D:8)
  5 kobolds
  A quokka skeleton (D:6)
  A quokka zombie (D:7)
  10 rats
390 creatures vanquished.

Vanquished Creatures (collateral kills)
  A hydra (D:11)
  A death yak (Lair:3)
  2 elephants (Lair:3)
  A cyclops (D:12)
  2 spiny frogs (Lair:1)
  A komodo dragon (D:11)
  2 trolls (D:12)
  A slime creature (D:12)
  A blink frog (Lair:2)
  A hippogriff (D:9)
  8 yaks
  A hungry ghost (D:12)
  A water moccasin (Lair:1)
  2 porcupines (Lair:2)
  An ogre (D:8)
  A centaur (D:9)
  2 crocodiles
  A killer bee (D:10)
  8 wights
  An electric eel (D:12)
  2 centaur skeletons (D:9)
  A hell rat (Lair:2)
  2 orcs
  A jackal skeleton (D:7)
  2 butterflies (Lair:1)
47 creatures vanquished.

Vanquished Creatures (others)
  Maggie (D:7)
  A quokka (D:7)
  A fungus (Lair:1)
  2 plants (D:11)
5 creatures vanquished.

Grand Total: 442 creatures vanquished

Notes
Turn   | Place    | Note
-------+----------+-------------------------------------------
     0 | D:1      | solopath the Barachi Ice Elementalist began the quest for
                  | the Orb.
     0 | D:1      | Reached XP level 1. HP: 13/13 MP: 3/3
    85 | D:1      | Reached skill level 5 in Ice Magic
   157 | D:1      | Reached XP level 2. HP: 16/19 MP: 1/5
  1122 | D:2      | Reached XP level 3. HP: 18/24 MP: 3/6
  1130 | D:2      | Learned a level 3 spell: Frozen Ramparts
  1304 | D:2      | Noticed Robin
  1332 | D:2      | Killed Robin
  1525 | D:2      | Reached XP level 4. HP: 30/30 MP: 8/8
  1750 | D:2      | Found a runed translucent door.
  1751 | D:2      | Noticed Crazy Yiuf
  2096 | D:2      | Killed Crazy Yiuf
  2096 | D:2      | Reached skill level 6 in Ice Magic
  2249 | D:3      | Reached XP level 5. HP: 28/35 MP: 5/9
  2386 | D:3      | Found a hazy altar of Hepliaklqana.
  2453 | D:3      | Found a sparkling altar of Nemelex Xobeh.
  2668 | D:3      | Learned a level 4 spell: Summon Ice Beast
  3997 | D:4      | Found Unkisy's Antique Armour Emporium.
  4006 | D:4      | Bought a fabulously ornate robe for 114 gold pieces
  4016 | D:4      | Identified the +2 robe "Wyil" {MR++} (You bought it in a
                  | shop on level 4 of the Dungeon)
  4150 | D:5      | Entered Level 5 of the Dungeon
  4150 | D:5      | Found a staircase to the Ecumenical Temple.
  4158 | Temple   | Entered the Ecumenical Temple
  4256 | Temple   | Became a worshipper of Cheibriados the Contemplative
  4276 | D:5      | Reached XP level 6. HP: 40/41 MP: 7/11
  4278 | D:5      | Noticed an ice beast
  4281 | D:5      | Reached skill level 7 in Ice Magic
  5015 | D:5      | Reached XP level 7. HP: 43/46 MP: 10/13
  5057 | D:5      | Reached skill level 8 in Ice Magic
  5217 | D:5      | You fall into a shaft and drop 2 floors!
  5217 | D:7      | Found Zaff's Antique Armour Boutique.
  5250 | D:7      | Found Hahoo's Gadget Shoppe.
  5339 | D:8      | Reached * piety under Cheibriados
  5417 | D:8      | Learned a level 3 spell: Ozocubu's Armour
  5422 | D:8      | Learned a level 4 spell: Hailstorm
  5433 | D:8      | Noticed a hippogriff
  5441 | D:8      | Reached XP level 8. HP: 46/52 MP: 11/15
  5450 | D:8      | Killed a hippogriff
  5450 | D:8      | Reached skill level 5 in Spellcasting
  5450 | D:8      | Reached skill level 1 in Conjurations
  5450 | D:8      | Reached skill level 9 in Ice Magic
  5785 | D:8      | Reached skill level 5 in Stealth
  6345 | D:7      | Reached ** piety under Cheibriados
  6480 | D:6      | Reached skill level 10 in Ice Magic
  6922 | D:6      | Reached XP level 9. HP: 57/57 MP: 11/17
  7192 | D:6      | Reached skill level 1 in Summonings
  8162 | D:5      | Found Bimuab's Bounteous Boutique.
  8167 | D:5      | Reached *** piety under Cheibriados
  8187 | D:5      | Bought a scroll of blinking for 82 gold pieces
  8722 | D:7      | Reached skill level 11 in Ice Magic
  8726 | D:7      | Found Nahapsao's Antique Armour Shop.
  8747 | D:7      | Found a bloodstained altar of Trog.
  9204 | D:7      | Found a white marble altar of Elyvilon.
  9204 | D:7      | Noticed Maggie
  9223 | D:7      | Killed Maggie
  9414 | D:7      | Found a radiant altar of Vehumet.
  9417 | D:7      | Found a glowing silver altar of Zin.
  9420 | D:7      | Found a stormy altar of Qazlal.
  9462 | D:7      | Reached **** piety under Cheibriados
  9512 | D:7      | Found Egockelo's Gadget Shoppe.
  9568 | D:7      | Found Fapikoxe's Assorted Antiques.
  9573 | D:7      | Bought a scroll labeled VUKKEE FIJYECH for 18 gold pieces
  9573 | D:7      | Bought a scroll labeled CASUWA TEEGORCH for 18 gold pieces
  9573 | D:7      | Bought a scroll labeled EDUBILL WAFUSU for 18 gold pieces
  9573 | D:7      | Bought a scroll labeled NACZAS FIULOCA for 18 gold pieces
  9790 | D:8      | Found a blossoming altar of Fedhas.
  9793 | D:8      | Found an ancient bone altar of Kikubaaqudgha.
 10098 | D:8      | Reached XP level 10. HP: 52/63 MP: 18/20
 10208 | D:8      | Reached skill level 12 in Ice Magic
 10564 | D:9      | Found Toalyj's Gadget Shop.
 10868 | D:10     | Entered Level 10 of the Dungeon
 10904 | D:9      | Reached skill level 1 in Short Blades
 10907 | D:9      | Reached skill level 1 in Fighting
 10909 | D:9      | Reached ***** piety under Cheibriados
 11181 | D:10     | Found a staircase to the Orcish Mines.
 11439 | D:10     | Reached skill level 1 in Invocations
 11443 | D:10     | Noticed a two-headed ogre
 11451 | D:10     | Killed a two-headed ogre
 11530 | D:10     | Killed an unseen horror
 11530 | D:10     | Reached XP level 11. HP: 41/75 MP: 19/22
 11728 | D:10     | Reached skill level 5 in Short Blades
 12457 | D:10     | Killed an unseen horror
 12554 | D:10     | You fall into a shaft and drop 3 floors!
 12579 | D:13     | Reached ****** piety under Cheibriados
 12738 | D:11     | Reached skill level 5 in Dodging
 12906 | D:11     | Found a runed translucent gate.
 12906 | D:11     | Found a runed translucent gate.
 12906 | D:11     | Found a runed translucent gate.
 12906 | D:11     | Noticed JayGee's ghost (journeyman MiFi)
 13099 | D:11     | Noticed a six-headed hydra
 13141 | D:11     | Killed a six-headed hydra
 13191 | D:11     | Reached skill level 5 in Fighting
 13263 | D:11     | Killed an unseen horror
 13470 | D:11     | Found a staircase to the Lair.
 13818 | D:11     | Got a scorched dagger
 13819 | D:11     | Identified the +7 dagger "Tovyut" {speed, Str+2 Stlth+}
                  | (You found it on level 11 of the Dungeon)
 14332 | D:12     | Learned a level 4 spell: Iskenderun's Mystic Blast
 14338 | D:12     | Found Hutweg's General Store.
 14459 | D:12     | Killed an unseen horror
 14748 | D:12     | Noticed a cyclops
 14759 | D:12     | Reached XP level 12. HP: 87/87 MP: 20/23
 14786 | D:12     | Learned a level 1 spell: Magic Dart
 16026 | D:7      | Bought a colourful robe for 148 gold pieces
 16036 | D:7      | Identified the +4 robe of the Hippo {MR+++} (You bought it
                  | in a shop on level 7 of the Dungeon)
 16210 | Lair:1   | Entered Level 1 of the Lair of Beasts
 16280 | Lair:1   | Found a transporter.
 16283 | Lair:1   | Noticed a four-headed hydra
 16336 | Lair:1   | Noticed Cheops's ghost (journeyman DsFi)
 16370 | Lair:1   | Noticed Sonja
 16665 | Lair:1   | Reached skill level 5 in Invocations
 17009 | Lair:1   | Reached skill level 5 in Conjurations
 17171 | Lair:1   | Killed Sonja
 17171 | Lair:1   | Reached skill level 1 in Translocations
 17336 | Lair:1   | Found a transporter.
 18020 | Lair:2   | Identified Sif Muna's Grimoire of Quantum Creation
 18491 | Lair:2   | Got an ancient copper amulet
 18492 | Lair:2   | Noticed a four-headed hydra
 18499 | Lair:2   | Killed a four-headed hydra
 18499 | Lair:2   | Reached skill level 10 in Short Blades
 18566 | Lair:2   | Identified the amulet "Qautso Wesch" {RegenMP rN+ Dex+3}
                  | (You found it on level 2 of the Lair of Beasts)
 18714 | Lair:2   | Noticed a seven-headed hydra
 18716 | Lair:2   | Found a staircase to the Swamp.
 18737 | Lair:2   | Noticed a six-headed hydra
 18745 | Lair:2   | Killed a five-headed hydra
 18745 | Lair:2   | Gained mutation: You can hop long distances. [Barachi
                  | growth]
 18745 | Lair:2   | Reached XP level 13. HP: 77/93 MP: 9/24
 19057 | Lair:2   | Got a brightly glowing leather armour
 19068 | Lair:2   | Identified the +1 leather armour "Jeh Osk" {rC+} (You found
                  | it on level 2 of the Lair of Beasts)
 19216 | Lair:3   | Noticed Fannar
 19220 | Lair:3   | Reached skill level 10 in Stealth
 19220 | Lair:3   | Reached skill level 5 in Translocations
 19450 | Lair:3   | HP: 3/93 [Fannar/uncursed staff of cold (16)]
 19451 | Lair:3   | HP: 1/93 [Fannar/uncursed staff of cold (2)]
 19451 | Lair:3   | Mangled by Fannar

Illustrated notes

Levels and vault maps discovered:
D:1:      tarquinn_simple_flora_water_b, layout_basic
D:2:      layout_loops_ring, first_ration, uniq_crazy_yiuf_cottage, uniq_robin
D:3:      layout_basic, overflow_temple_1_default, lemuel_crystal_altar
D:4:      layout_basic, serial_shops, nicolae_shop_crystal
D:5:      layout_basic, minmay_temple_entry_slanted, minmay_misc_feat_cross,
          nicolae_alphabet_shops
D:6:      layout_basic
D:7:      layout_loops_ring, bloody_trog, elyvilon_altar_4,
          grunt_temple_overflow_diamond, serial_shops, nicolae_shop_stone, shop,
          nicolae_shop_crystal, nicolae_shop_overgrown_old_shop,
          kennysheep_little_box, uniq_maggie
D:8:      layout_rooms, grunt_temple_overflow_growth_and_decay
D:9:      layout_cross, serial_shops, nicolae_shop_statue_plus,
          blue_anna_alchemist [blue_anna_fruit_fields, blue_anna_fruit_fields]
D:10:     layout_basic, hiddenorc2_lemuel
D:11:     layout_stronghold, david_lair_shrubbed, ebering_ghost_rock_garden
D:12:     layout_basic, serial_shops, shop
D:13:     layout_basic
Temple:   dshaligram_water_room_temple
Lair:1:   layout_long_grid, gammafunk_ghost_arena, lemuel_fruit_tree,
          lemuel_fruit_fields, uniq_sonja
Lair:2:   layout_gridlike, palyth_hydra_swamp_entry, beast_lair_carwin_7
Lair:3:   layout_concentric_octagons, dummy_spider_entry, grunt_megastairs_2,
          uniq_fannar

Skill      XL: |  1  2  3  4  5  6  7  8  9 10 11 12 13 |
---------------+----------------------------------------+-----
Ice Magic      | 5 6 7 8 10 11 12 | 12.5
Stealth        | 2 3 4 5 6 7 8 9 10 | 10.2
Spellcasting   | 3 4 5 6 7 |  7.3
Conjurations   | 3 5 |  5.0
Summonings     | 2 |  2.1
Short Blades   | 4 7 10 11 | 11.0
Fighting       | 3 5 6 |  6.0
Dodging        | 4 5 6 |  6.0
Invocations    | 2 4 5 6 |  6.3
Translocations | 4 6 |  6.1

Action                   |  1- 3 |  4- 6 |  7- 9 | 10-12 | 13-15 || total
-------------------------+-------+-------+-------+-------+-------++-------
Melee: Dagger            |    62 |    78 |   295 |   541 |    25 ||  1001
       Scimitar          |       |       |       |     2 |    18 ||    20
 Cast: Freeze            |    32 |    42 |    43 |     8 |       ||   125
       Frozen Ramparts   |       |     9 |    35 |    45 |     2 ||    91
       Summon Ice Beast  |       |       |    19 |    40 |     7 ||    66
       Hailstorm         |       |       |     5 |    24 |       ||    29
       Ozocubu's Armour  |       |       |       |     5 |     1 ||     6
       Iskenderun's Myst |       |       |       |     2 |       ||     2
       Magic Dart        |       |       |       |    65 |     1 ||    66
Invok: Slouch            |       |       |       |     5 |     4 ||     9
       Bend Time         |       |       |       |       |     1 ||     1
 Abil: Hop               |     1 |     3 |     7 |     9 |       ||    20
Evoke: Wand              |       |       |       |     1 |       ||     1
  Use: Potion            |     3 |     1 |     4 |     3 |     2 ||    13
       Scroll            |       |       |     1 |     8 |       ||     9
 Stab: Sleeping          |     4 |     6 |     6 |    26 |       ||    42
       Distracted        |       |       |     1 |     3 |     2 ||     6
  Eat: Chunk             |     3 |     9 |    12 |    14 |     2 ||    40
       Ration            |       |     1 |       |     1 |       ||     2
Armor: Robe              |    26 |    28 |   104 |   145 |     5 ||   308
       Skin              |       |       |    24 |       |       ||    24
Dodge: Dodged            |    49 |    45 |   179 |   341 |    23 ||   637
Block: Other             |     9 |    25 |    59 |    94 |       ||   187
       Reflection        |       |       |     3 |     4 |       ||     7
       Rpst.: Scimitar   |       |       |       |     1 |       ||     1
